 Dungeon Crawl Stone Soup version 0.30-a0-576-g89cddaab80 (webtiles) character file.

Game seed: 5656390931419765356

4517 wormed the Covert (level 10, 0/53 HPs)
             Began as a Spriggan Hunter on Dec 31, 2022.
             Was an Elder of Okawaru.
             Slain by an orange demon (3 damage)
             ... summoned by a kobold demonologist
             ... on level 9 of the Dungeon.
             The game lasted 00:16:49 (9843 turns).

wormed the Covert (Spriggan Hunter)                 Turns: 9843, Time: 00:16:50

Health: 0/53       AC:  3    Str:  7    XL:     10   Next: 17%
Magic:  11/11      EV: 25    Int: 11    God:    Okawaru [****..]
Gold:   363        SH:  0    Dex: 23    Spells: 9/9 levels left

rFire   . . .      SeeInvis +    a - +0 shortbow
rCold   . . .      Faith    .    (shield currently unavailable)
rNeg    . . .      Spirit   .    c - +0 robe
rPois   .          Reflect  .    (helmet restricted)
rElec   .          Harm     .    y - +0 cloak
rCorr   .          Rampage  .    (gloves unavailable)
Will    +....                    (boots unavailable)
Stlth   +++++                    (no amulet)
HPRegen 0.28/turn                (no ring)
MPRegen 0.12/turn                (no ring)

@: lethally poisoned (0 -> -16), very quick
A: very small, no large weapons, unfitting armour, see invisible, speed 3
a: Renounce Religion, Heroism, Finesse


You were on level 9 of the Dungeon.
You worshipped Okawaru.
Okawaru was greatly pleased with you.
You visited 2 branches of the dungeon, and saw 11 of its levels.

You collected 363 gold pieces.

Inventory:

Hand Weapons
 a - a +0 shortbow (weapon)
Missiles
 o - 2 throwing nets
Armour
 c - a +0 robe (worn)
 y - a +0 cloak (worn)
Jewellery
 r - a +6 ring of strength
Wands
 t - a wand of light (5)
 x - a wand of flame (36)
Scrolls
 b - a scroll of immolation
 g - 3 scrolls of silence {unknown}
 i - 2 scrolls of fear {unknown}
 k - 2 scrolls of amnesia {unknown}
 l - 4 scrolls of teleportation {unknown}
 m - 2 scrolls of noise {unknown}
 n - a scroll of vulnerability {unknown}
 s - a scroll of enchant weapon {unknown}
 z - a scroll of magic mapping {unknown}
 A - 2 scrolls of torment {unknown}
 B - a scroll of fog {unknown}
Potions
 d - 3 potions of curing
 e - 2 potions of mutation
 f - 2 potions of degeneration
 h - 3 potions of heal wounds
 j - 2 potions of attraction
 p - 3 potions of lignification
 q - a potion of might
 u - a potion of ambrosia {unknown}
 v - 2 potions of brilliance {unknown}
 C - a potion of cancellation {unknown}


   Skills:
 + Level 5.8 Fighting
 * Level 10.3 Ranged Weapons
 + Level 9.0 Dodging
 + Level 10.5 Stealth


You had 9 spell levels left.
You didn't know any spells.
Your spell library contained the following spells:

 Spells                   Type           Power      Damage    Failure   Level
 Apportation              Tloc           0%         N/A       34%         1
 Necrotise                Necr           0%         1d4       34%         1
 Kindle Blastsparks       Fire/Tloc/Air  0%         2d10      71%         3
 Stone Arrow              Conj/Erth      0%         3d7       71%         3
 Fulminant Prism          Conj/Hex       0%         3d5       98%         4
 Iskenderun's Mystic Bla  Conj/Tloc      0%         2d3       98%         4
 Blade Hands              Tmut           0%         N/A       100%        5
 Lee's Rapid Deconstruct  Erth           0%         3d4*      100%        5
 Iron Shot                Conj/Erth      0%         9d1       100%        6
 Orb of Destruction       Conj           0%         9d5       100%        7
 Lehudib's Crystal Spear  Conj/Erth      0%         10d2      100%        8
 Summon Small Mammal      Summ           Unusable   N/A       N/A         1
 Summon Guardian Golem    Hex/Summ       Unusable   N/A       N/A         3
 Animate Armour           Summ/Erth      Unusable   N/A       N/A         4
 Spellforged Servitor     Conj/Summ      Unusable   N/A       N/A         7

Dungeon Overview and Level Annotations

Branches:
Dungeon (10/15)            Temple (1/1) D:4
   Lair: D:8-11         Orc: D:9-12

Altars:
Ashenzari
Cheibriados
Dithmenos
Elyvilon
Gozag
Kikubaaqudgha
Makhleb
Nemelex Xobeh
Okawaru
Qazlal
Sif Muna
Trog
Uskayaw
Vehumet
Wu Jian
Xom
Yredelemnul
Zin

Shops:
D:2 (?*!=


Innate Abilities, Weirdness & Mutations

You are very small and have problems with some larger weapons.
You are too small for most types of armour.
You have supernaturally acute eyesight. (SInv)
You cover ground extremely quickly. (Speed+++)


Message History

The kobold demonologist completely misses you.
Fire: a) +0 shortbow
Press: ? - help, Q - select action, (/) - cycle Shift-Dir - straight line, f/p - kobold demonologist
Aim: a kobold demonologist, wielding a +0 dagger and wearing a +0 robe (severely wounded, 62% to hit)
You shoot an arrow. The arrow hits the kobold demonologist.
The kobold demonologist is severely wounded.
You hear a shout!
The orange demon barely misses you. The orange demon completely misses you.
The white imp gestures at you. The puff of frost hits you.
The kobold demonologist gestures wildly while chanting.
Fire: a) +0 shortbow
Press: ? - help, Q - select action, (/) - cycle Shift-Dir - straight line, f/p - kobold demonologist
Aim: a kobold demonologist, wielding a +0 dagger and wearing a +0 robe (severely wounded, 62% to hit)
You shoot an arrow. The arrow hits the kobold demonologist!
The kobold demonologist is almost dead.
The orange demon closely misses you. The orange demon completely misses you.
The white imp completely misses you.
The kobold demonologist looks braver for a moment.
An orc comes into view. It is wielding a +0 mace.
Fire: a) +0 shortbow
Press: ? - help, Q - select action, (/) - cycle Shift-Dir - straight line, f/p - kobold demonologist
Aim: a kobold demonologist, wielding a +0 dagger and wearing a +0 robe (almost dead, 62% to hit)
You shoot an arrow.
The arrow closely misses the kobold demonologist.
The orange demon misses you. x2
The white imp gestures at you. The puff of frost hits you!
* * * LOW HITPOINT WARNING * * *
The kobold demonologist completely misses you.
Fire: a) +0 shortbow
Press: ? - help, Q - select action, (/) - cycle Shift-Dir - straight line, f/p - kobold demonologist
Aim: a kobold demonologist, wielding a +0 dagger and wearing a +0 robe (almost dead, 62% to hit)
You shoot an arrow.
The arrow barely misses the kobold demonologist.
The orange demon stings you!
* * * LOW HITPOINT WARNING * * *
You are lethally poisoned!
The orange demon poisons you! The orange demon hits you.
You die...

...
).o######
...
..go55K4#
..§ #@# #
#.# #5#
○.g55 #.#
#.# .☼#K##
#.# #.#
..R3##○ #.#
#.# #.#
☼#########.#
#.# #K#
°.##.†....#
#.# ###.#
#○##.######
#.# #...#
#R##.# #.#


You could see an orange demon (summoned), a kobold demonologist, a gnoll
sergeant, a quasit (summoned), a white imp (summoned), 2 orcs and an ufetubus
(summoned).

Vanquished Creatures
  A two-headed ogre (D:6)
  A kobold demonologist (D:9)
  Grinder (D:6)
  Prince Ribbit (D:6)
  Sigmund (D:6)
  2 shadows
  A wyvern (D:9)
  Menkaure (D:7)
  An acid dragon (D:8)
  2 orc warriors
  2 sky beasts
  An ice beast (D:7)
  A centaur (D:5)
  A phantom (D:6)
  Blork the orc (D:6)
  3 kobold brigands
  2 gnoll sergeants (D:8)
  A necrophage (D:5)
  4 scorpions
  2 bullfrogs
  5 wights (D:7)
  2 hounds (D:5)
  Crazy Yiuf (D:5)
  3 orc priests
  Ijyb (D:4)
  A gnoll bouda (D:7)
  2 iguanas
  5 orc wizards
  13 gnolls
  3 adders
  A shadow imp (D:6)
  2 ufetubi
  4 worms
  2 dart slugs (D:1)
  49 orcs
  8 bats
  8 endoplasms
  5 giant cockroaches
  7 goblins
  10 hobgoblins
  4 jackals
  7 quokkas
  2 ball pythons
  2 frilled lizards (D:1)
  25 kobolds
  6 rats
208 creatures vanquished.

Vanquished Creatures (others)
  An orc (D:5)
1 creature vanquished.

Grand Total: 209 creatures vanquished

Notes
Turn   | Place    | Note
-------+----------+-------------------------------------------
     0 | D:1      | wormed the Spriggan Hunter began the quest for the Orb.
     0 | D:1      | Reached XP level 1. HP: 10/10 MP: 2/2
   103 | D:1      | Reached XP level 2. HP: 15/15 MP: 3/3
   388 | D:1      | Reached XP level 3. HP: 18/18 MP: 4/4
   750 | D:2      | Found Xef Sexi's Distillery.
   760 | D:2      | Found Yfasmupp's General Store.
   762 | D:2      | Found Retsaut's Magic Scroll Emporium.
   802 | D:2      | Found Pebb's Antique Weapon Shop.
   916 | D:2      | Found Gikkicap's Jewellery Shoppe.
  1000 | D:2      | Reached XP level 4. HP: 3/23 MP: 5/5
  1293 | D:3      | Found a faded altar of an unknown god.
  1413 | D:3      | Found a glowing silver altar of Zin.
  1596 | D:3      | Reached skill level 5 in Ranged Weapons
  1775 | D:3      | Found a shimmering blue altar of Sif Muna.
  2070 | D:3      | Reached XP level 5. HP: 14/27 MP: 6/6
  2448 | D:4      | Found a basalt altar of Yredelemnul.
  2614 | D:4      | Found a sparkling altar of Nemelex Xobeh.
  2657 | D:4      | Noticed Ijyb
  2662 | D:4      | Killed Ijyb
  2780 | D:4      | Reached XP level 6. HP: 32/32 MP: 7/7
  3229 | D:4      | Found a staircase to the Ecumenical Temple.
  3572 | D:5      | Entered Level 5 of the Dungeon
  3687 | D:5      | Reached skill level 5 in Stealth
  4032 | D:5      | Found a broken altar of Ashenzari.
  4399 | D:5      | Found a runed translucent door.
  4400 | D:5      | Noticed Crazy Yiuf
  4440 | D:5      | Reached skill level 5 in Dodging
  4440 | D:5      | Reached XP level 7. HP: 30/36 MP: 8/8
  4848 | D:5      | Found a stormy altar of Qazlal.
  5178 | D:5      | Killed Crazy Yiuf
  5287 | D:6      | Found a hide-covered altar of Uskayaw.
  5522 | D:6      | Noticed Sigmund
  5522 | D:6      | Noticed Prince Ribbit
  5664 | Temple   | Entered the Ecumenical Temple
  5805 | Temple   | Became a worshipper of Warmaster Okawaru
  5950 | D:6      | Noticed Blork the orc
  5974 | D:6      | Killed Blork the orc
  5975 | D:6      | Reached XP level 8. HP: 36/42 MP: 9/9
  6012 | D:6      | Noticed Grinder
  6029 | D:6      | Paralysed by Grinder for 5 turns
  6045 | D:6      | Paralysed by Grinder for 2 turns
  6194 | D:6      | Found a shadowy altar of Dithmenos.
  6268 | D:6      | Killed Sigmund
  6294 | D:6      | Found a radiant altar of Vehumet.
  6376 | D:6      | Killed Prince Ribbit
  6376 | D:6      | Reached * piety under Okawaru
  6489 | D:6      | Noticed a boulder beetle
  6560 | D:6      | Noticed a two-headed ogre
  6810 | D:6      | Killed a two-headed ogre
  6810 | D:6      | Reached ** piety under Okawaru
  6811 | D:6      | Reached XP level 9. HP: 46/46 MP: 10/10
  7014 | D:6      | Killed Grinder
  7056 | D:7      | Reached skill level 5 in Fighting
  7338 | D:7      | Reached *** piety under Okawaru
  7531 | D:7      | Noticed Menkaure
  7535 | D:7      | Killed Menkaure
  8350 | D:8      | Reached skill level 10 in Stealth
  8491 | D:8      | Found a snail-covered altar of Cheibriados.
  8679 | D:8      | Identified the +6 morningstar of Greed {spect, Stlth+}
  8705 | D:8      | Identified the +1 helmet "Anavvic" {rPois rC+}
  8728 | D:8      | Reached skill level 10 in Ranged Weapons
  9258 | D:8      | Reached XP level 10. HP: 52/52 MP: 11/11
  9579 | D:9      | Noticed a soul eater
  9726 | D:10     | Entered Level 10 of the Dungeon
  9825 | D:9      | Reached **** piety under Okawaru
  9835 | D:9      | Noticed an orange demon
  9843 | D:9      | Slain by an orange demon

Illustrated notes

Levels and vault maps discovered:
D:1:      dpeg_arrival_renting, layout_basic, hangedman_decor_slide_cut,
          minmay_misc_feat_hallway, feat_on_display
D:2:      layout_rooms, serial_shops, shop, nicolae_shop_stone,
          nicolae_shop_behind_doors, nicolae_shop_waterfront,
          nicolae_shop_competitors_out_of_business, wad_orctagon
D:3:      layout_basic, led_sif_pool, zin_academy,
          dreamdust_ecumenical_altar_angels_and_demons
D:4:      layout_loops_corners, yredelemnul_altar_generic, marbit_many_paths,
          minmay_temple_entry_poolview, hangedman_decor_points, uniq_ijyb
D:5:      layout_loops_cross, mainiacjoe_overflow_concentric_impassable,
          mainiacjoe_overflow_alcove_1, uniq_crazy_yiuf_cottage
D:6:      layout_basic, lemuel_doored_altar, mainiacjoe_overflow_brackets,
          nicolae_overflow_hidden_temple, serial_corexii_hall,
          chequers_hall_statues_y, corexii_hall_statues_i,
          chequers_hall_statues_wall_a, corexii_hall_statues_l, kb_rosetta,
          uniq_sigmund, uniq_prince_ribbit1, uniq_grinder, uniq_blork_the_orc
D:7:      layout_rooms, uniq_menkaure
D:8:      layout_basic, kennysheep_mini
D:9:      layout_loops_ring, david_orc_5, serial_shops, shop
D:10:     layout_rooms, nicolae_hepliaklqana_monster_ancestors,
          hellmonk_guarded_unrand_zhor, uniq_sonja, uniq_joseph
Temple:   hellmonk_temple_flake

Skill      XL: |  1  2  3  4  5  6  7  8  9 10 |
---------------+-------------------------------+-----
Stealth        | 2 3 4 5 6 8 10 | 10.5
Dodging        | 3 4 5 6 7 8 9 |  9.0
Fighting       | 2 3 4 5 |  5.8
Ranged Weapons | 5 6 7 8 10 | 10.3

Action                   |  1- 3 |  4- 6 |  7- 9 | 10-12 || total
-------------------------+-------+-------+-------+-------++-------
 Fire: Shortbow          |   121 |   224 |   488 |    85 ||   918
Evoke: Wand              |       |       |     3 |       ||     3
  Use: Scroll            |       |     3 |     2 |     3 ||     8
Armor: Robe              |     2 |     5 |    11 |     2 ||    20
Dodge: Dodged            |    27 |    61 |   173 |    50 ||   311

Table legend: (Time is in decaauts)
 A = Elapsed time spent in this place.
 B = Non-inter-level travel time spent in this place.
 C = Inter-level travel time spent in this place.
 D = Time resting spent in this place.
 E = Time spent auto-exploring this place.
 F = Levels seen in this place.
 G = Mean time per level.
                   A        B        C        D        E       F      G
               +--------+--------+--------+--------+--------+-----+--------+
         Total |   7302 |   6890 |    412 |     89 |   4845 |  11 |  663.8 |
       Dungeon |   7209 |   6805 |    404 |     89 |   4767 |  10 |  720.9 |
        Temple |     92 |     85 |      7 |      0 |     78 |   1 |   92.0 |
               +--------+--------+--------+--------+--------+-----+--------+

Top non-repeatable levels by time:
     D:6: 1136 daAuts
     D:4: 1101 daAuts
     D:5: 1095 daAuts
     D:7: 1073 daAuts
     D:8: 830 daAuts
     D:3: 796 daAuts
     D:1: 474 daAuts
     D:2: 446 daAuts
     D:9: 246 daAuts
  Temple: 92 daAuts
    D:10: 7 daAuts
